 Dungeon Crawl Stone Soup version 0.30-a0-223-gcb0039aa0c (webtiles) character file.

Game seed: 1894134319087513501

161 qw the Chopper (level 5, 0/32 HPs)
             Began as a Gargoyle Fighter on Oct 9, 2022.
             Slain by Ijyb
             ... wielding a +0 dagger
              (4 damage)
             ... on level 4 of the Dungeon.
             The game lasted 00:01:07 (2337 turns).

qw the Chopper (Gargoyle Fighter)                   Turns: 2337, Time: 00:01:08

Health: 0/32       AC:  0    Str: 22    XL:     5   Next: 42%
Magic:  5/5        EV: 17    Int:  8    God:
Gold:   178        SH:  0    Dex: 14    Spells: 4/4 levels left

rFire   . . .      SeeInvis .    (weapon currently unavailable)
rCold   . . .      Faith    .    (shield currently unavailable)
rNeg    + . .      Spirit   .    (body armour currently unavailable)
rPois   inf        Reflect  .    (helmet currently unavailable)
rElec   .          Harm     .    (cloak currently unavailable)
rCorr   .          Rampage  .    (gloves currently unavailable)
Will    .....                    (boots currently unavailable)
Stlth   +.........               (no amulet)
HPRegen 0.25/turn                (ring currently unavailable)
MPRegen 0.09/turn                (ring currently unavailable)

@: bat-form, flying, very quick
A: fast, flying, no casting, sickness immunity, AC +4, tiny, negative energy
resistance 1, (electricity resistance), torment resistance 1, petrification
resistance
a: no special abilities


You were on level 4 of the Dungeon.
You were a bat.
You visited 1 branch of the dungeon, and saw 4 of its levels.

You collected 178 gold pieces.


Innate Abilities, Weirdness & Mutations

You are a bat.
You are tiny and dextrous.
You move quickly.
You are flying.
Your equipment is almost entirely melded.
You are incapable of wielding weapons or throwing items.
You cannot cast spells.
You are immune to sickness and miasma.
((Your stone body is resilient. (AC +4)))
You are immune to poison.
You resist negative energy. (rN+)
((You are resistant to electric shocks. (rElec)))
You are resistant to unholy torment.
You are immune to petrification.


   Skills:
 - Level 3.2 Fighting
 - Level 5.0 Axes
 - Level 3.2 Armour
 + Level 0.0 Dodging
 - Level 3.2 Shields


You had 4 spell levels left.
You didn't know any spells.
Your spell library was empty.

Inventory:

Hand Weapons
 g - a +1 flail of venom
 Y - a +1 war axe (melded)
Armour
 c - a +0 buckler (melded)
 e - a +0 plate armour (melded)
 i - a +0 pair of gloves (melded)
Jewellery
 b - a +4 ring of evasion (melded)
Scrolls
 a - a scroll of immolation {unknown}
 h - a scroll of amnesia {unknown}
Potions
 d - a potion of might
 f - a potion of mutation {unknown}
 l - a potion of cancellation {unknown}

Dungeon Overview and Level Annotations

Branches:
Dungeon (4/15)
 Temple: D:4-7

Altars:
Kikubaaqudgha
Sif Muna
Xom

Annotations:
D:4 Ijyb


Message History

You hit Ijyb but do no damage.
Ijyb is heavily wounded.
Ijyb hits you with a +0 dagger.
You barely miss Ijyb.
Ijyb is heavily wounded.
Ijyb barely misses you.
You barely miss Ijyb.
Ijyb is heavily wounded.
You hear the rusting of a distant drain.
Ijyb hits you with a +0 dagger.
You hit Ijyb but do no damage.
Ijyb is heavily wounded.
Ijyb hits you with a +0 dagger.
You hit Ijyb but do no damage.
Ijyb is heavily wounded.
Ijyb closely misses you.
You closely miss Ijyb.
Ijyb is heavily wounded.
Ijyb barely misses you.
You hit Ijyb but do no damage.
Ijyb is heavily wounded.
Ijyb hits you with a +0 dagger.
You hit Ijyb but do no damage.
Ijyb is heavily wounded.
Ijyb completely misses you.
You hit Ijyb but do no damage.
Ijyb is heavily wounded.
You hit Ijyb but do no damage.
Ijyb is heavily wounded.
Ijyb hits you with a +0 dagger.
You hit Ijyb but do no damage.
Ijyb is heavily wounded.
Ijyb hits you with a +0 dagger.
You hit Ijyb but do no damage.
Ijyb is heavily wounded.
Ijyb closely misses you.
You hit Ijyb but do no damage.
Ijyb is heavily wounded.
Ijyb hits you with a +0 dagger.
You die...

!.. # #.# # #.# ..
######## #.# #..
#......# #.# ...
....#.#
#.##.####^####...#
#g##.#.......#....
#b##.#.......#....
#.##.#.......#)...
#.##.^..._..).....
#.##.#.......#).##
#.##.#.......#..#
#....#.......#..#
#.##.#########.##
####...........#
#.......#.######


You could see Ijyb.

Vanquished Creatures
  5 gnolls (D:4)
  3 adders
  4 worms
  A dart slug (D:3)
  4 orcs (D:3)
  5 endoplasms
  4 giant cockroaches
  7 goblins
  6 hobgoblins
  4 jackals (D:3)
  2 quokkas (D:3)
  2 ball pythons
  6 bats
  3 frilled lizards
  7 kobolds
  6 rats
69 creatures vanquished.

Notes
Turn   | Place    | Note
-------+----------+-------------------------------------------
     0 | D:1      | qw the Gargoyle Fighter began the quest for the Orb.
     0 | D:1      | Reached XP level 1. HP: 14/14 MP: 1/1
     0 | D:1      | 0 ||| qw: Version: 0.2-a-17-g06abaee
     0 | D:1      | 0 ||| qw: Game counter: 2175
     0 | D:1      | 0 ||| qw: Always use a shield: true
     0 | D:1      | 0 ||| qw: God list: Okawaru
     0 | D:1      | 0 ||| qw: Allow faded altars: false
     0 | D:1      | 0 ||| qw: Do Orc after D:15 true
     0 | D:1      | 0 ||| qw: Do second Lair branch before Depths: true
     0 | D:1      | 0 ||| qw: Lair rune preference: random
     0 | D:1      | 0 ||| qw: Plans: Normal, Zot:1-4, God:TSO, Crypt, Tomb,
                  | Pan, Slime:5, Hells, Abyss, Orb
     0 | D:1      | 0 ||| PLANNING D:1-11
    49 | D:1      | Reached skill level 2 in Axes
   117 | D:1      | Reached XP level 2. HP: 19/19 MP: 2/2
   391 | D:1      | 391 ||| DROPPING +0 club.
   638 | D:1      | 638 ||| READING scroll labelled GASAIMM CEUQALAG.
   639 | D:1      | 639 ||| READING scroll labelled KIENE GIAJINNU.
   690 | D:2      | 690 ||| Stepping ~*~*~tactically~*~*~ (stealth).
   702 | D:2      | 702 ||| Stepping ~*~*~tactically~*~*~ (stealth).
   727 | D:2      | Reached skill level 3 in Axes
   765 | D:2      | 765 ||| Stepping ~*~*~tactically~*~*~ (stealth).
   766 | D:2      | 766 ||| Stepping ~*~*~tactically~*~*~ (stealth).
   778 | D:2      | Reached XP level 3. HP: 17/23 MP: 3/3
  1396 | D:2      | Found an ancient bone altar of Kikubaaqudgha.
  1489 | D:2      | 1489 ||| DROPPING +0 mace.
  1555 | D:2      | 1555 ||| UPGRADING to +0 plate armour.
  1565 | D:2      | 1565 ||| DROPPING +0 scale mail.
  1566 | D:2      | 1566 ||| DROPPING amulet of faith.
  1567 | D:2      | 1567 ||| READING scroll labelled TOJUKO ZESHRIZ.
  1571 | D:2      | 1571 ||| READING 2 scrolls labelled MOSHUX XANUKO.
  1572 | D:2      | 1572 ||| DROPPING scroll of poison.
  1622 | D:3      | Reached XP level 4. HP: 27/28 MP: 4/4
  1627 | D:3      | 1627 ||| Stepping ~*~*~tactically~*~*~ (stealth).
  1637 | D:3      | Reached skill level 4 in Axes
  1864 | D:3      | Found a shimmering blue altar of Sif Muna.
  1865 | D:3      | 1865 ||| Stepping ~*~*~tactically~*~*~ (stealth).
  1872 | D:3      | 1872 ||| Stepping ~*~*~tactically~*~*~ (stealth).
  2153 | D:3      | 2153 ||| UPGRADING to +0 pair of gloves.
  2158 | D:3      | 2158 ||| UPGRADING to +4 ring of evasion.
  2159 | D:3      | 2159 ||| READING scroll labelled JUOS KAS XIXKI.
  2160 | D:3      | 2160 ||| READING scroll labelled TECO LADGHOEKH.
  2161 | D:3      | 2161 ||| READING scroll labelled MUACOE LOOSTREJAL.
  2162 | D:3      | 2162 ||| READING scroll labelled BAPIADGHYLIG.
  2184 | D:4      | 2184 ||| PLANNING SEWER
  2227 | D:4      | Found a shimmering altar of Xom.
  2235 | D:4      | Reached XP level 5. HP: 21/32 MP: 5/5
  2279 | D:4      | 2279 ||| DROPPING +0 flail.
  2299 | D:4      | Reached skill level 5 in Axes
  2313 | D:4      | Noticed Ijyb
  2334 | D:4      | HP: 7/32 [Ijyb/+0 dagger (4)]
  2335 | D:4      | HP: 3/32 [Ijyb/+0 dagger (4)]
  2337 | D:4      | Slain by Ijyb

Levels and vault maps discovered:
D:1:      minmay_arrival_loop, layout_loops_ring
D:2:      layout_basic, basic_altar
D:3:      layout_basic, mainiacjoe_overflow_boulevard, minmay_ruptured
D:4:      layout_basic, slow_altar_2, lemuel_tele_altar,
          minmay_temple_entry_glassed_door, portal_sewer_entry_b, uniq_ijyb,
          uniq_grinder

Skill      XL: |  1  2  3  4  5 |
---------------+----------------+-----
Axes           | 2 3 4 5 |  5.0
Fighting       | |  3.2
Armour         | |  3.2
Shields        | |  3.2

Action                   |  1- 3 |  4- 6 || total
-------------------------+-------+-------++-------
Melee: War axe           |   127 |    91 ||   218
       Unarmed           |       |    19 ||    19
  Use: Scroll            |     4 |     4 ||     8
Armor: Scale mail        |    52 |       ||    52
       Plate armour      |    10 |    74 ||    84
Dodge: Dodged            |    48 |    49 ||    97
Block: Buckler           |    19 |    14 ||    33

Table legend:
 A = Non-vault XP
 B = Vault XP
 C = Vault XP percentage of total XP
 D = Non-vault monster count
 E = Vault monster count
 F = Vault count percentage of total count
                 A         B        C        D         E       F
            +---------+---------+-------+---------+---------+-------
      Total |     221 |       9 |   3.9 |      67 |       2 |   2.9
            +---------+---------+-------+---------+---------+-------
        D:1 |      20 |       0 |   0.0 |      12 |       0 |   0.0
        D:2 |      53 |       0 |   0.0 |      25 |       0 |   0.0
        D:3 |      61 |       9 |  12.9 |      23 |       2 |   8.0
        D:4 |      87 |       0 |   0.0 |       7 |       0 |   0.0
            +---------+---------+-------+---------+---------+-------
